 Dungeon Crawl Stone Soup version 0.20.0-8-g6b59dc7 (webtiles) character file.

301 tsouns the Skirmisher (level 6, 0/51 HPs)
             Began as a Human Monk on June 2, 2017.
             Was a Believer of Qazlal.
             Slain by an orc wizard
             ... wielding a +1 dagger of venom
              (1 damage)
             ... on level 3 of the Dungeon.
             The game lasted 00:06:34 (1718 turns).

tsouns the Skirmisher (Human Monk)                  Turns: 1718, Time: 00:06:34

Health: 0/51       AC: 12    Str: 12    XL:     6   Next: 64%
Magic:  7/7        EV:  3    Int: 12    God:    Qazlal [**....]
Gold:   42         SH:  2    Dex: 15    Spells: 5/5 levels left

rFire    . . .     SeeInvis .   a - +0 hand axe
rCold    . . .     Gourm    .   (no shield)
rNeg     . . .     Faith    .   l - +0 plate armour
rPois    .         Spirit   .   (no helmet)
rElec    .         Reflect  .   (no cloak)
rCorr    .         Harm     .   i - +0 pair of gloves
MR       .....                  j - +0 pair of boots
Stlth    ..........             (no amulet)
Regen    0.2/turn               (no ring)
MPRegen  0.1/turn               (no ring)

@: lethally poisoned (0 -> -22)
A: no striking features
a: Upheaval, Renounce Religion


You were on level 3 of the Dungeon.
You worshipped Qazlal.
Qazlal was pleased with you.
You were not hungry.

You visited 1 branch of the dungeon, and saw 4 of its levels.

You collected 42 gold pieces.

Inventory:

Hand Weapons
 a - a +0 hand axe (weapon)
 d - a +0 dagger of venom
Missiles
 e - 11 stones (quivered)
Armour
 i - a +0 pair of gloves (worn)
 j - a +0 pair of boots (worn)
 l - a +0 plate armour (worn)
Scrolls
 f - a scroll of recharging
 g - a scroll of remove curse
Comestibles
 c - 2 bread rations
 k - a chunk of flesh
 n - a meat ration


   Skills:
 + Level 5.0 Fighting
 + Level 4.9 Axes
 - Level 3.0 Dodging
 - Level 2.0 Stealth
 + Level 2.6 Invocations


You had 5 spell levels left.
You didn't know any spells.

Dungeon Overview and Level Annotations

Branches:
Dungeon (4/15)
 Temple: D:4-7

Altars:
Gozag
Qazlal
Ru


Message History

* * * LOW HITPOINT WARNING * * *
You feel sick.
The orc wizard hits you but does no damage.
You are more poisoned.
The orc wizard hits you but does no damage.
You hit the orc.
You kill the orc!
Qazlal accepts your kill.
You hit the orc wizard.
* * * LOW HITPOINT WARNING * * *
You feel sick.
The orc wizard hits you but does no damage.
You are more poisoned.
Your plate armour prevents you from hitting the orc wizard.
The orc wizard is moderately wounded.
You hit the orc.
* * * LOW HITPOINT WARNING * * *
You feel sick.
The orc wizard hits you with a dagger of venom.
You die...

### #... ........
#..######## .......##
#..#<.....# ........
#..#..###.# .......#
#..#..# #.# .......#
#..######.# .......#
#...oo@o..#
.......#####.########
........o.o..#
..)....###...#
........ยง....#
.......##....#
.......##....#
.......##....#
..........####


You could see an orc wizard and 2 orcs.

Vanquished Creatures
  A water moccasin (D:3)
  2 orc priests
  An orc wizard (D:4)
  4 adders
  3 dart slugs
  3 orcs
  4 goblins
  9 hobgoblins
  4 jackals (D:1)
  5 ball pythons
  5 bats
  4 frilled lizards (D:2)
  5 kobolds
  6 rats
56 creatures vanquished.

Notes
Turn   | Place    | Note
-------+----------+-------------------------------------------
     0 | D:1      | tsouns the Human Monk began the quest for the Orb.
     0 | D:1      | Reached XP level 1. HP: 18/18 MP: 1/1
    21 | D:1      | Reached XP level 2. HP: 16/24 MP: 2/2
   277 | D:1      | Reached XP level 3. HP: 20/29 MP: 3/3
   559 | D:2      | Found an opulent altar of Gozag.
   665 | D:2      | Reached XP level 4. HP: 37/37 MP: 4/4
   707 | D:2      | Found a sacrificial altar of Ru.
   721 | D:2      | Reached skill level 4 in Fighting
  1262 | D:3      | Noticed a water moccasin
  1460 | D:4      | Noticed an air elemental
  1461 | D:4      | Found a stormy altar of Qazlal.
  1462 | D:4      | Noticed a fire elemental
  1463 | D:4      | Noticed a water elemental
  1463 | D:4      | Noticed an earth elemental
  1468 | D:4      | Became a worshipper of Qazlal Stormbringer
  1468 | D:4      | Reached * piety under Qazlal
  1468 | D:4      | Reached ** piety under Qazlal
  1519 | D:4      | Reached XP level 5. HP: 22/42 MP: 5/5
  1523 | D:4      | Reached skill level 1 in Invocations
  1587 | D:4      | Noticed a phantom
  1647 | D:3      | Killed a water moccasin
  1647 | D:3      | Reached XP level 6. HP: 27/50 MP: 1/7
  1699 | D:3      | Reached skill level 5 in Fighting
  1718 | D:3      | HP: 1/51 [poisoned by an orc wizard]
  1718 | D:3      | Slain by an orc wizard

Skill      XL: |  1  2  3  4  5  6 |
---------------+-------------------+-----
Fighting       | 4 5 |  5.0
Axes           | 4 |  4.9
Invocations    | 2 |  2.6
Dodging        | |  3.0
Stealth        | |  2.0

Action                   |  1- 3 |  4- 6 || total
-------------------------+-------+-------++-------
Melee: Hand axe          |    71 |   121 ||   192
Invok: Upheaval          |       |     1 ||     1
  Use: Scroll            |       |     5 ||     5
       Potion            |       |     1 ||     1
 Stab: Sleeping          |     2 |       ||     2
  Eat: Chunk             |       |     3 ||     3
Armor: Robe              |     2 |       ||     2
       Chain mail        |    19 |    82 ||   101
       Plate armour      |       |    12 ||    12
Dodge: Dodged            |    44 |    39 ||    83
Block: Other             |       |     4 ||     4
